Cogmind - Beta 16.1 @@@ ROGUE MODE // 2026.02.10 @ 13:32:12 Player: ZLD1 Result: Destroyed by Q4-WE6(R) with Subdweller Laser Performance ------------- Evolutions (0) 0 Regions Visited (2) 400 Robots Destroyed (9) 45 Value Destroyed (169) 169 Prototype IDs (13) 260 Alien Tech Used (0) 0 Bonus (0) 0 TOTAL SCORE: 874 Bonus ------- None Cogmind --------- Core Integrity 0/250 Matter 221/500 Energy 100/100 System Corruption 0% Temperature Cool (6) Movement Treading (160) Location -10/Subcaves Parts ------- > --- POWER (1+1) ------ (None) > --- PROPULSION (2+1) - Light Treads > --- UTILITY (2) ------ High-capacity Matter Pod Rainbow Chip > --- WEAPON (2+1) ----- Hammer Hammer > --- INVENTORY (5) ---- 1B-0RG's Assimilator Peak State ------------ > --- POWER ------------ Ion Engine > --- PROPULSION ------- Light Treads Light Treads > --- UTILITY ---------- High-capacity Matter Pod Propulsion Shielding Rainbow Chip > --- WEAPON ----------- Hammer Hammer > --- INVENTORY -------- 1B-0RG's Assimilator [Rating: 26] Favorites ----------- Power Ion Engine Engine Ion Engine Propulsion Light Treads Treads Light Treads Utility High-capacity Matter Pod Storage High-capacity Matter Pod Processor Rainbow Chip Protection Propulsion Shielding Weapon Hammer Launcher Grenade Launcher Impact Weapon Hammer Build | -11 -10 -10 ------- Run | Yrd Mat Sub Slots Evolved . | . . . Power . | . . . Propulsion . | . . . Utility . | . . . Weapon . | . . . Parts Attached 9 | . 8 1 Power 1 | . 1 . Engine 1 | . 1 . Core . | . . . Reactor . | . . . Propulsion 2 | . 2 . Treads 2 | . 2 . Leg . | . . . Wheel . | . . . Hover . | . . . Flight . | . . . Utility 3 | . 2 1 Device . | . . . Storage 1 | . 1 . Processor 1 | . . 1 Hackware . | . . . Protection 1 | . 1 . Artifact . | . . . Weapon 3 | . 3 . Energy Gun . | . . . Energy Cannon . | . . . Ballistic Gun . | . . . Ballistic Cannon . | . . . Launcher 1 | . 1 . Special Weapon . | . . . Impact Weapon 2 | . 2 . Slashing Weapon . | . . . Piercing Weapon . | . . . Special Melee Weapon . | . . . Unidentified Prototypes . | . . . Parts Lost 3 | . . 3 Power 1 | . . 1 Propulsion 1 | . . 1 Utility 1 | . . 1 Weapon . | . . . Highest Loss Streak 2 | . . 2 To Critical Strikes . | . . . Average Backups 1 | 2 2 1 Power . | . . . Propulsion . | 1 . . Utility . | . . . Weapon . | . 1 . Tool/Special . | . . . Unused Backups 2 | . 1 1 Power . | . . . Propulsion . | . . . Utility . | . . . Weapon 1 | . 1 . Tool/Special 1 | . . 1 Average Slot Usage (%) 75 | . 73 77 Engine 9 | . 9 8 Treads 20 | . 19 21 Storage 10 | . 10 10 Processor 3 | . . 6 Protection 8 | . 9 8 Launcher 1 | . 3 . Impact Weapon 20 | . 18 21 Peak Build Rating 26 | . 7 26 Average Rating 13 | . 5 20 On Entrance 2 | . . 7 Avg Prop Armor Cover (%) . | . . . Naked Turns 21 | . 21 . Heaviest Build 15 | . 15 14 Greatest Support 40 | 3 40 40 Greatest Overweight (x) 2 | . 2 . Average Overweight (x) . | . . . Largest Inventory Capacity 5 | 5 5 5 Average Capacity 5 | 5 5 5 Most Carried 5 | 4 5 5 Average Carried 3 | 2 2 4 Final Capacity 5 | 5 5 5 Final Carried 5 | 4 1 5 Class Distribution -------------------- 100% | Mutant Dominant Class ---------------- Mutant | -10/Materials Mutant | -10/Subcaves Resources | -11 -10 -10 ----------- Run | Yrd Mat Sub Matter Collected 266 | 156 32 78 Remotely . | . . . Salvage Created 176 | . 176 . Parts 11 | . 11 . Haulers Intercepted 1 | . 1 . Recyclers Shooed . | . . . Parts Field Recycled . | . . . Retrieved Matter . | . . . Parts Self-Destructed 8 | . . 8 Prevented . | . . . Parts Restored . | . . . Kills | -11 -10 -10 ------- Run | Yrd Mat Sub Combat Hostiles Destroyed 7 | . 7 . Melee 1 | . 1 . AOE 5 | . 5 . Classes Destroyed 4 | . 4 . Builder 1 | . 1 . Hauler 1 | . 1 . Swarmer 4 | . 4 . Grunt 3 | . 3 . Best Kill Streak 7 | . 7 . Combat Bots Only 5 | . 5 . Max Kills in Single Turn 2 | . 2 . Gunslinging . | . . . Exploded 2 | . 2 . Melee 1 | . 1 . Uniques/NPCs Destroyed . | . . . Combat | -11 -10 -10 -------- Run | Yrd Mat Sub Hostile Shots Fired 53 | . 23 30 Missed 13 | . 5 8 Hits 40 | . 18 22 Projectile 40 | . 18 22 Actively Blocked 1 | . . 1 Damage Taken 733 | . 198 535 Core 264 | . 63 201 Absorbed by Shields . | . . . Redirected to Shielding 52 | . 19 33 Core Remaining (%) 100 | 100 . . Volleys Fired 6 | . 6 . Largest 1 | . 1 . Hottest 30 | . 30 . Shots Fired 6 | . 6 . Gun . | . . . Cannon . | . . . Launcher 6 | . 6 . Special . | . . . Kinetic . | . . . Thermal . | . . . Explosive 6 | . 6 . Electromagnetic . | . . . Robot Hit Streak . | . . . Robot Miss Streak 1 | . 1 . Penetration Max . | . . . Secondary Targets . | . . . Shots Hit Robots 5 | . 5 . Core Hits 10 | . 10 . Critical Kills . | . . . Critical Parts Destroyed 1 | . 1 . Critical Strikes 1 | . 1 . Smash 1 | . 1 . Melee Attacks 14 | . 11 3 Impact 14 | . 11 3 Slashing . | . . . Piercing . | . . . Sneak Attacks . | . . . Combat Hostiles . | . . . Follow-up Attacks 1 | . 1 . Damage Inflicted 539 | . 539 . Guns . | . . . Cannons . | . . . Explosions 414 | . 414 . Melee 125 | . 125 . Ramming . | . . . Kinetic . | . . . Thermal . | . . . Explosive 414 | . 414 . Electromagnetic . | . . . Impact 125 | . 125 . Slashing . | . . . Piercing . | . . . Highest Corruption . | . . . Average Corruption . | . . . Corruption Purged . | . . . Corruption Blocked . | . . . Overload Shots . | . . . Overflow Damage 73 | . 73 . Projectiles . | . . . Explosions 36 | . 36 . Melee 37 | . 37 . Knockbacks . | . . . Impact . | . . . Kinetic . | . . . Secondary . | . . . Self-Inflicted Damage . | . . . Shots . | . . . Rammed . | . . . Targets Rammed . | . . . Kicked . | . . . Crushed . | . . . Highest Temperature 5 | . 5 . Average Temperature 5 | . 5 . Received Heat Transfer 204 | . 48 156 Siege Activations . | . . . Martial Activations . | . . . Shielding Activations . | . . . Robots Disrupted . | . . . Combat Hostiles . | . . . Robots Corrupted 1 | . 1 . Combat Hostiles 1 | . 1 . Parts Fried 1 | . 1 . Impact Corruptions 2 | . 2 . Robots Melted . | . . . Combat Hostiles . | . . . Parts Melted . | . . . Heat Transferred . | . . . Parts Sabotaged . | . . . Parts Stolen . | . . . Parts Stripped . | . . . Power Chain Reactions . | . . . Alert | -11 -10 -10 ------- Run | Yrd Mat Sub Maximum Alert Level . | . . . Low Security (%) 100 | 100 100 . Level 1 . | . . . Level 2 . | . . . Level 3 . | . . . Level 4 . | . . . Level 5 . | . . . High Security . | . . . Max Security . | . . . Peak Influence 182 | . 182 . Initial . | . . . Average 114 | . 123 . Influence Increases 232 | . 232 . Destroy 0b10 Robot/C 140 | . 140 . Destroy 0b10 Robot/NC 10 | . 10 . Destroy Leader 22 | . 22 . Disable Machine 30 | . 30 . Destroy Structure 30 | . 30 . Influence Decreases 232 | . 130 102 Entered New Map 50 | . . 50 Time Decay 182 | . 130 52 Squads Dispatched 2 | . 2 . Investigation . | . . . Extermination . | . . . Reinforcement 2 | . 2 . Assault . | . . . Garrison . | . . . Intercept . | . . . Searches Triggered . | . . . Construction Impeded . | . . . Haulers Reinforced . | . . . Active Scanning Responses . | . . . Cargo Convoy Interrupts . | . . . Stealth | -11 -10 -10 --------- Run | Yrd Mat Sub Distress Signals 2 | . 2 . Communications Jammed . | . . . Distress Signals . | . . . Times Spotted 13 | . 11 2 Peak Tracking Total 3 | . 3 2 Tactical Retreats . | . . . Traps | -11 -10 -10 ------- Run | Yrd Mat Sub Traps Triggered 2 | . 1 1 Indirectly . | . . . Trap Hack Attempts . | . . . Triggered . | . . . Disarmed . | . . . Reprogrammed . | . . . Reused . | . . . Traps Extracted . | . . . Installed . | . . . Triggered . | . . . Machines | -11 -10 -10 ---------- Run | Yrd Mat Sub Machines Disabled 3 | . 2 1 Max in Single Turn 1 | . 1 1 Machines Repaired . | . . . Machines Dismantled . | . . . Machines Sabotaged . | . . . Overloaded Fab Kills . | . . . Hacking | -11 -10 -10 --------- Run | Yrd Mat Sub Machines Accessed 1 | . . 1 Terminals . | . . . Fabricators . | . . . Repair Stations . | . . . Recycling Units . | . . . Scanalyzers . | . . . Garrison Access . | . . . Total Hacks 9 | . . 9 Successful 9 | . . 9 Failed . | . . . Catastrophic . | . . . Database Lockouts . | . . . Manual . | . . . Terminals . | . . . Fabricators . | . . . Repair Stations . | . . . Recycling Units . | . . . Scanalyzers . | . . . Garrison Access . | . . . Terminal Hacks 9 | . . 9 Record 8 | . . 8 Proto ID Catalog 1 | . . 1 Fabricator Hacks . | . . . Repair Station Hacks . | . . . Recycling Unit Hacks . | . . . Scanalyzer . | . . . Garrison Access Hacks . | . . . Unauthorized Hacks . | . . . Terminals . | . . . Fabricators . | . . . Repair Stations . | . . . Recycling Units . | . . . Scanalyzers . | . . . Garrison Access . | . . . Data Cores Recovered . | . . . Used . | . . . Hacking Detections . | . . . Full Trace Events . | . . . Feedback Events . | . . . Feedback Blocked . | . . . Robot Schematics Acquired . | . . . Robots Built . | . . . Authchips . | . . . Time . | . . . Total Robot Build Rating . | . . . Part Schematics Acquired . | . . . Parts Built . | . . . Authchips . | . . . Time . | . . . Total Part Build Rating . | . . . Part Studies Acquired . | . . . Parts Repaired . | . . . Time . | . . . Parts Recycled . | . . . Recycled Matter . | . . . Retrieved Matter . | . . . Retrieved Components . | . . . Parts Scanalyzed . | . . . Part Schematics Acquired . | . . . Parts Damaged . | . . . Bothacking | -11 -10 -10 ------------ Run | Yrd Mat Sub Used RIF Installer . | . . . Robots Hacked . | . . . Non-combat . | . . . Combat . | . . . Robot Hacks Applied . | . . . Relay Couplers Released . | . . . Fabnet Peak Effective % . | . . . Robots Rewired . | . . . Allies Hacked . | . . . Hacks Repelled . | . . . Allies | -11 -10 -10 -------- Run | Yrd Mat Sub Total Allies . | . . . Largest Group . | . . . Highest-Rated Group . | . . . Highest-Rated Ally . | . . . Total Orders . | . . . Ally Attacks . | . . . Total Damage . | . . . Kills . | . . . Allies Corrupted . | . . . Allies Melted . | . . . Intel | -11 -10 -10 ------- Run | Yrd Mat Sub Active Infowar (turns) . | . . . Robot Analysis Total . | . . . Derelict Logs Recovered . | . . . Drone Launches . | . . . Drone Recoveries . | . . . Exploration | -11 -10 -10 ------------- Run | Yrd Mat Sub Turns Passed 692 | 25 310 357 Spaces Moved 430 | 42 180 208 Core 156 | 42 114 . Treads 274 | . 66 208 Legs . | . . . Wheels . | . . . Hover . | . . . Flight . | . . . Fastest Speed 50 | 50 50 160 Average Speed 122 | 50 95 160 Slowest Speed 160 | 50 160 160 Overloaded Moves . | . . . Propulsion Burnouts . | . . . Robots Hopped . | . . . Potential Cave-ins . | . . . Cave-ins Triggered . | . . . Exploration Rate (%) 18 | 3 42 11 Regions Visited 2 Branch Regions 1 Pre-discovered Areas . | . . . Known Exits Taken . | . . . Unknown Exits Taken 2 | 1 1 . Scrap Searched . | . . . Spaces Dug 1 | . . 1 Terrain Destroyed 30 | . 29 1 Melee 1 | . . 1 Projectile . | . . . AOE 29 | . 29 . Terrain Rammed . | . . . Walls Destroyed . | . . . Machines Disabled . | . . . Actions | -11 -10 -10 --------- Run | Yrd Mat Sub Total 564 | 45 293 226 Wait 96 | . 86 10 Move 428 | 41 179 208 Hop . | . . . Pick Up 8 | 4 3 1 Fast Attach 4 | . 2 2 Attach 5 | . 5 . Detach . | . . . Swap 1 | . 1 . Drop 3 | . 1 2 Fire 6 | . 6 . Melee 13 | . 10 3 Ram . | . . . Kick . | . . . Crush . | . . . Escape Stasis . | . . . Rewire . | . . . Trap . | . . . Miscellaneous . | . . . Route ------- -11/Scrapyard -10/Materials (discovered 3 exits: [*Mat] / [*Min] / *Sub) -10/Subcaves (discovered 1 exit: [*Mat]) History --------- Turn | Location | Event 5 | -11/Scrapyard | Discovered new exit (range 16) 26 | -11/Scrapyard | Entered Materials 83 | -10/Materials | Discovered new exit (range 15) 227 | -10/Materials | Discovered new exit (range 6) 304 | -10/Materials | Build established: Mutant 328 | -10/Materials | Discovered new exit (range 4) 336 | -10/Materials | Entered Subcaves 337 | -10/Subcaves | Approached by a straggling Scientist 410 | -10/Subcaves | Visited 4L-MR0's lab 420 | -10/Subcaves | Found Prototype Special Melee Weapon 430 | -10/Subcaves | Found Rainbow Chip 432 | -10/Subcaves | Attached Rainbow Chip, gained temporary slots: Power, Propulsion, Utility, Weapon 556 | -10/Subcaves | Discovered new exit (range 14) 611 | -10/Subcaves | Core integrity fell below 50% 679 | -10/Subcaves | Core integrity fell below 20% 693 | -10/Subcaves | Destroyed by Q4-WE6(R) with Subdweller Laser Last Messages --------------- 00432_ Core temporarily expanded with Weapon slot. 00433_ Acquired Propulsion Shielding. RD-ADI(c): "I think it's somewhere southeast of here" 00442_ Subatomizers dissect the Grenade Launcher, destroying it. RD-ADI(c): "I think it's somewhere southeast of here" 00494_ Acquired 13 matter. 00504_ Acquired 6 matter. 00505_ Acquired 11 matter. 00521_ Acquired 6 matter. 00535_ 7G-AP6(O) collects matter. 00537_ Acquired 12 matter. RD-ADI(c): "I think it's somewhere southeast of here" 00556_ EXIT=FOUND RD-ADI(c): "I think it's somewhere east of here" 00610_ Ion Engine destroyed. 00614_ Propulsion Shielding destroyed. 00616_ Temporary Utility slot lost. RD-ADI(c): "I think it's somewhere southeast of here" 00687_ Lgt. Treads destroyed. Map ----- +----------------------------------------------------+ | | | | | | | | | | | | | ?????????????????????????????????????????????????? | | ?????????????????????????????????????????????????? | | ?????????????????????????????????????????????????? | | ?????????????????????????????????????????????????? | | ?????????????????????????????????????????????????? | | ???????????????????#####?????????????????????????? | | ??????????????????##" ##########????????????????? | | ??????????????????#"" "##"" #????????????????? | | ??????????????????#" """# &###????????????????? | | ??????????????????# """"+ "X"""#????????????????? | | ??????????????????#"" #"""""""#????????????????? | | ??????????????????#""" ##########????????????????? | | ??????????????????#" "##????????????????????????? | | ??????????????????# " ""######???????????????????? | | ??????????????????##" # #???????????????????? | | ???????????????????#" ##??????########?????? | | ???????????????????## ## #????### ## # ######? | | ??????????????????#######< <###?## #? | | ?????????????????## ### < ### ### # ## | | ????? ?????????# @ ## ###"### # | | ????? < #????????# ####### R ### ##?# | | ??#??? #???????# #????## ### ##?# | | ?? ?### #?????### #????# ## R## ## | | ??# # #?????# ###### ###=%! ## ## | | ?## ##????# ## ##?## ## ### | | ?# ?# #????# [ ###???# ### #?? | | ?## ### ##???# #?????# ### ##?###?? | | ?# # ###?# #######?????## ##??##??????? | | ?## ### #????????????###???????????? | | ?# * #####??????????????????????? | | ???# ##?????????????????????? | | ????# #### #?????????????????????? | | ???## ##?# #?????????????????????? | | #### ### #?????????????????????? | | # #?????????????????????? | | # ### ##?????????????????????? | | # ### ##?#### ####??????????????????????? | | "### #?????#####?????????????????????????? | | ##?####???????????????????????????????????? | | #### ###??????????????????????????????????????? | | ????# ##?????????????????????????????????????? | | ?????# #?????????????????????????????????????? | | ????## #?????????????????????????????????????? | | ????# #?????????????????????????????????????? | +----------------------------------------------------+ Best States ------------- Heat Dissipation 25 Energy Generation 10 Energy Capacity 250 Matter Stores 256 Matter Capacity 500 Sight Range 16 Terrain Scan Density 10 Propulsion Shielding 33 Evasion (%) 50 Recoil Reduction 2 Item Schematics ----------------- None Robot Schematics ------------------ None Fabricated ------------ Nothing Repaired ---------- Nothing Studied --------- None Alien Tech Used ----------------- None Achievements -------------- None Challenges ------------ None Game ------ Seed GyrokineticAdvancedWheel Manual? 0 Play Time 00:06:15 Cumulative 70.2 hours Start 2026.02.10 @ 13:27:55 End 2026.02.10 @ 13:32:12 Sessions 1 Manual Loads 0 Difficulty Rogue Special Mode None Game No. 181 Rogue 181 Adventurer 0 Explorer 0 Win Type - Total 1 Types 1/0/0/0/0/0/0/0/0/0 Lore% 40 Gallery% 37 Achievement% 25 Wizard Run 0 Options --------- Layout 1 ASCII 0 Keyboard 0 Movement Mouse Keybinds 0 Fullscreen 0 Font 24/Smallcaps Map View 59x39 Zoom Use 0% Tactical HUD 1 Map Filters NONE Filters NONE Steam 1 RUN: b15fee55-fea9-4b76-a9fc-3905bf3cbdf5